Map: Honorgrounds LE

Players

Musumeci

  • Race: Zerg Zerg
  • League: Diamond
  • Spawn Location: 7:00

slav - Winner!

  • Race: Protoss Protoss
  • League: Diamond
  • Spawn Location: 11:00

VOD

Have the link to the VOD?

Description

Time

  • Played on: Jan. 28, 2017, 1:29 p.m.
  • Length: 5:53
Show
View Real Time Build Order
Export as new Build Order

Musumeci Zerg 

Build Orders: Hatch First 

Get SALT Encoding   

  12  0:00  Drone  
  13  0:09  Drone  
  14  0:16  Drone, Extractor  
  15  0:40  Hatchery  
  14  0:44  Extractor  
  14  0:45  Drone  
  15  1:04  Spawning Pool  
  15  1:09  Extractor  
  15  1:10  Drone  
  14  1:16  Overlord  
  14  1:22  Extractor  
  14  1:24  Drone  
  15  1:34  Drone  
  15  1:35  Drone  
  17  1:46  Drone  
  18  1:51  Queen  
  20  2:00  Drone  
  20  2:01  Drone  
  22  2:11  Metabolic Boost  
  22  2:16  Drone x2  
  22  2:20  Drone  
  25  2:29  Queen  
  27  2:42  Drone  
  27  2:44  Overlord  
  28  2:46  Overlord  
  28  3:07  Pneumatized Carapace  
  28  3:14  Overlord x2  
  28  3:20  Zergling x2  
  28  3:21  Zergling x10  
  34  3:33  Zergling x6  
  37  3:45  Evolution Chamber  
  36  3:56  Overlord  
  36  3:58  Zergling x2  
  36  3:59  Zergling x10  
  42  4:20  Zergling x2  
  42  4:21  Zergling x12  
  38  5:21  Spore Crawler  
  38  5:22  Spore Crawler  
Show
View Real Time Build Order
Export as new Build Order

slav Protoss - Winner!

Build Orders: 1 Gate Expand, Dark Templar Rush 

Get SALT Encoding   

  12  0:01  Probe (Chrono Boost)  
  13  0:11  Probe (Chrono Boost)  
  14  0:19  Pylon  
  14  0:23  Probe (Chrono Boost)  
  15  0:37  Probe (Chrono Boost)  
  15  0:41  Gateway  
  16  0:48  Assimilator, Probe (Chrono Boost)  
  17  0:58  Probe (Chrono Boost)  
  18  1:09  Probe (Chrono Boost)  
  19  1:19  Probe (Chrono Boost)  
  20  1:26  Nexus  
  20  1:31  Probe (Chrono Boost)  
  21  1:37  Pylon  
  21  1:45  Assimilator  
  21  1:55  Cybernetics Core  
  21  1:59  Probe (Chrono Boost)  
  22  2:06  Zealot  
  24  2:10  Probe (Chrono Boost)  
  25  2:20  Probe (Chrono Boost)  
  26  2:31  Probe (Chrono Boost)  
  26  2:32  Adept, Twilight Council  
  26  2:34  Warp Gate  
  29  2:43  Probe (Chrono Boost)  
  31  2:44  Probe (Chrono Boost)  
  31  2:54  Probe (Chrono Boost)  
  31  2:56  Probe (Chrono Boost)  
  32  2:59  Adept  
  32  3:05  Mothership Core (Chrono Boost)  
  37  3:13  Probe (Chrono Boost)  
  37  3:23  Robotics Facility  
  37  3:24  Probe (Chrono Boost)  
  37  3:25  Probe (Chrono Boost)  
  39  3:31  Dark Shrine  
  39  3:34  Probe (Chrono Boost)  
  39  3:37  Probe (Chrono Boost)  
  41  3:43  Pylon  
  41  3:45  Probe (Chrono Boost)  
  43  3:48  Probe (Chrono Boost)  
  44  3:55  Probe (Chrono Boost)  
  44  3:59  Probe (Chrono Boost)  
  45  4:06  Probe (Chrono Boost)  
  45  4:08  Gateway  
  45  4:09  Gateway  
  46  4:11  Warp Prism, Gateway  
  48  4:21  Pylon  
  48  4:26  Pylon  
  48  4:28  Probe (Chrono Boost)  
  48  4:29  Probe (Chrono Boost)  
  48  4:30  Assimilator  
  47  4:53  Probe (Chrono Boost)  
  47  4:55  Probe (Chrono Boost)  
  47  4:57  Pylon  
  49  5:03  Dark Templar  
  50  5:23  Dark Templar x3  
  50  5:27  Probe (Chrono Boost)  
  58  5:28  Probe (Chrono Boost)  
  58  5:33  Pylon  
Tags
 
Add a new tag
Caveats
  • Supply blocks, unpowered buildings, or Contaminate may cause inaccurate times.
  • Supply counts are checked every 10 seconds.